 Dungeon Sprint DCSS version 0.31-a0-851-g7ff8af7976 (webtiles) character file.

Game seed: 17157065915441287447

1145 AiryTheDragon the Arsonist (level 8, -3/55 HPs)
             Began as a Demonspawn Fire Elementalist on Oct 7, 2023.
             Was an Initiate of Jiyva.
             Slain by a centaur warrior (9 damage)
             ... in the Dungeon (Sprint I: "Red Sonja").
             The game lasted 00:12:54 (446 turns).

AiryTheDragon the Arsonist (DsFE)                    Turns: 446, Time: 00:12:54

Health: -3/55      AC:  2    Str:  9    XL:     8   Next: 15%
Magic:  14/20      EV: 14    Int: 19    God:    Jiyva [......]
Gold:   17         SH:  0    Dex: 13    Spells: 11/24 levels left

rFire   . . .        c - +0 scythe
rCold   + . .        (shield currently unavailable)
rNeg    . . .        g - +0 robe {rC+}
rPois   .            (no helmet)
rElec   .            (no cloak)
rCorr   .            (no gloves)
SInv    .            (no boots)
Will    .....        (no amulet)
Stlth   ++           (no ring)
HPRegen 0.29/turn    (no ring)
MPRegen 0.17/turn

%: no teleportation
@: on berserk cooldown, slowed, very slow
A: demonic guardian 2, ignite blood 1, demonic touch 1, screaming 1
a: Renounce Religion


You were in the Dungeon.
You worshipped Jiyva.
Jiyva was noncommittal.
You visited 1 branch You collected 297 gold pieces.
You spent 280 gold pieces at shops.

Inventory:

Hand Weapons
 c - a +0 scythe (weapon)
 h - a +0 club
Armour
 a - a +0 robe
 g - a +0 robe of cold resistance (worn)
 i - a +0 leather armour
Wands
 f - a wand of iceblast (15)
Scrolls
 j - a scroll of enchant weapon {unknown}
Potions
 b - 3 potions of magic
 e - a potion of haste
 l - a potion of ambrosia
 m - a potion of curing
 n - a potion of might


   Skills:
 + Level 1.7 Fighting
 + Level 1.7 Polearms
 + Level 2.8 Armour
 + Level 5.4 Dodging
 + Level 4.6 Stealth
 + Level 2.9 Unarmed Combat
 + Level 8.6 Spellcasting
 + Level 3.7 Conjurations
 + Level 11.3 Fire Magic


You had 11 spell levels left.
You knew the following spells:

 Your Spells              Type           Power      Damage    Failure   Level
a - Foxfire               Conj/Fire      100%       2x1d9     1%          1
b - Scorch                Fire           100%       2d9       1%          2
c - Inner Flame           Hex/Fire       29%        N/A       2%          3
d - Flame Wave            Conj/Fire      36%        2d10      3%          4
e - Volatile Blastmotes   Fire/Tloc      58%        2d14      2%          3

Your spell library contained the following spells:

 Spells                   Type           Power      Damage    Failure   Level


Dungeon Overview and Level Annotations

Branches:
Dungeon (1/1)

Altars:
Cheibriados
Dithmenos
Fedhas
Gozag
Hepliaklqana
Kikubaaqudgha
Makhleb
Nemelex Xobeh
Okawaru
Qazlal
Ru
Sif Muna
Trog
Uskayaw
Vehumet
Wu Jian
Xom
Yredelemnul
Jiyva
Lugonu

Shops:
D !


Innate Abilities, Weirdness & Mutations

A demonic guardian rushes to your aid.
Your demonic aura sometimes causes spilled blood to erupt in flames.
Your touch may inflict minor irresistible damage on your foes.
You occasionally shout uncontrollably at your foes.


Message History

The centaur warrior is engulfed in blazing flames.
The centaur warrior closely misses you. The centaur warrior barely misses you.
Your orange demon stings the centaur warrior from afar.
The centaur warrior dies!
Your Fighting skill increases to level 1!
Your Polearms skill increases to level 1!
Your Dodging skill increases to level 5!
Your Spellcasting skill increases to level 8!
Your Conjurations skill increases to level 3!
Your Fire Magic skill increases to level 11!
You have reached level 8!
You feel stronger.
You are too berserk!
There is an open door, spattered with blood here.
Things that are here:
a +0 orcbow; a centaur corpse You feel a strong urge to attack something.
There is a broken door here.
You feel your anger nearly subside.
You are no longer berserk.
You are exhausted.
You feel yourself slow down.
Found 27 gold pieces.
You enter the shallow water.
Moving in this stuff is going to be slow.
A hornet comes into view.
Found 27 gold pieces.
The hornet moves out of view.
The centaur warrior wields a +0 shortbow.
The centaur warrior shoots an arrow.
The arrow closely misses you.
The centaur warrior unwields a +0 shortbow.
The centaur warrior hits you!
* * * LOW HITPOINT WARNING * * *
A demonic guardian appears!
The centaur warrior kicks you.
* * * LOW HITPOINT WARNING * * *
The centaur warrior hits you.
* * * LOW HITPOINT WARNING * * *
The centaur warrior kicks you.
* * * LOW HITPOINT WARNING * * *
Your orange demon stings the centaur warrior from afar.
The centaur warrior hits you!
You die...

#################
.#..'..#..)..#__#
.'..#..'..#..'..+
.#####'#####'#__####
.####..#...#.####§§#
.#__####..##§#§§§§§#..#
.#_____##'#_.§4§@.§§§y#
⌠#_.∩...'†.._#§4~c.#$$#
##_..__##_.#+##+#### #
#_____###+# #######


You could see a centaur warrior (ally target), a friendly orange demon
(summoned) and a friendly ice devil (summoned).

Vanquished Creatures
  A slime creature (D)
  Sigmund (D)
  A yak (D)
  An ogre (D)
  Ijyb (D)
5 creatures vanquished.

Vanquished Creatures (collateral kills)
  A centaur warrior (D)
1 creature vanquished.

Vanquished Creatures (others)
  A floating eye (D)
  6 necrophages (D)
  7 jellies (D)
  17 foxfires (D)
31 creatures vanquished.

Grand Total: 37 creatures vanquished

Notes
Turn   | Place    | Note
-------+----------+-------------------------------------------
     0 | D        | AiryTheDragon the Demonspawn Fire Elementalist began the
                  | quest for the Orb.
     0 | D        | Reached XP level 1. HP: 13/13 MP: 3/3
     3 | D        | Noticed Ijyb
    11 | D        | Killed Ijyb
    12 | D        | Reached skill level 4 in Fire Magic
    12 | D        | Gained mutation: Your demonic aura sometimes causes spilled
                  | blood to erupt in flames. [demonic ancestry]
    12 | D        | Reached XP level 2. HP: 19/19 MP: 2/5
    29 | D        | Learned a level 2 spell: Scorch
    52 | D        | Noticed an ogre
    60 | D        | Killed an ogre
    61 | D        | Reached skill level 1 in Unarmed Combat
    61 | D        | Reached skill level 6 in Fire Magic
    61 | D        | Gained mutation: A weak demonic guardian rushes to your
                  | aid. [demonic ancestry]
    61 | D        | Reached XP level 3. HP: 24/24 MP: 1/8
    61 | D        | Gained mutation: Your touch may inflict minor irresistible
                  | damage on your foes. [demonic ancestry]
    61 | D        | Reached XP level 4. HP: 30/30 MP: 1/10
   139 | D        | Learned a level 3 spell: Inner Flame
   144 | D        | Learned a level 4 spell: Flame Wave
   156 | D        | Noticed Sigmund
   162 | D        | Killed Sigmund
   163 | D        | Reached skill level 1 in Armour
   163 | D        | Reached skill level 5 in Spellcasting
   163 | D        | Reached skill level 8 in Fire Magic
   163 | D        | Gained mutation: A demonic guardian rushes to your aid.
                  | [demonic ancestry]
   163 | D        | Reached XP level 5. HP: 33/35 MP: 2/13
   181 | D        | Learned a level 3 spell: Volatile Blastmotes
   252 | D        | Found a burning altar of Makhleb.
   252 | D        | Found a viscous altar of Jiyva.
   252 | D        | Found a shimmering altar of Xom.
   252 | D        | Found a corrupted altar of Lugonu.
   252 | D        | Noticed a slime creature
   263 | D        | Killed a slime creature
   264 | D        | Reached skill level 9 in Fire Magic
   264 | D        | Reached XP level 6. HP: 34/41 MP: 1/15
   368 | D        | Became a worshipper of Jiyva Jeif the Shapeless
   372 | D        | Found an ornate altar of the Wu Jian Council.
   372 | D        | Found a shimmering blue altar of Sif Muna.
   374 | D        | Found a radiant altar of Vehumet.
   376 | D        | Noticed a centaur warrior
   377 | D        | Noticed a centaur warrior
   381 | D        | Killed a floating eye
   396 | D        | Found Loost's Distillery.
   396 | D        | Found an ancient bone altar of Kikubaaqudgha.
   396 | D        | Found a hazy altar of Hepliaklqana.
   396 | D        | Found a hide-covered altar of Uskayaw.
   396 | D        | Found a basalt altar of Yredelemnul.
   396 | D        | Found an opulent altar of Gozag.
   396 | D        | Found a snail-covered altar of Cheibriados.
   396 | D        | Found a sacrificial altar of Ru.
   396 | D        | Found a shadowy altar of Dithmenos.
   396 | D        | Noticed a yak
   399 | D        | Found a stormy altar of Qazlal.
   399 | D        | Found a blossoming altar of Fedhas.
   399 | D        | Found a bloodstained altar of Trog.
   399 | D        | Found an iron altar of Okawaru.
   402 | D        | Killed a yak
   403 | D        | Reached skill level 10 in Fire Magic
   403 | D        | Reached XP level 7. HP: 46/46 MP: 8/17
   405 | D        | Found a sparkling altar of Nemelex Xobeh.
   409 | D        | Bought a potion of berserk rage for 50 gold pieces
   409 | D        | Bought a potion of ambrosia for 80 gold pieces
   409 | D        | Bought a potion of curing for 30 gold pieces
   409 | D        | Bought a potion of might for 40 gold pieces
   409 | D        | Bought a potion of mutation for 80 gold pieces
   409 | D        | Gained mutation: You occasionally shout uncontrollably at
                  | your foes. [potion of mutation]
   435 | D        | Killed a centaur warrior
   436 | D        | Reached skill level 1 in Fighting
   436 | D        | Reached skill level 1 in Polearms
   436 | D        | Reached skill level 5 in Dodging
   436 | D        | Reached skill level 11 in Fire Magic
   436 | D        | Reached XP level 8. HP: 32/55 MP: 12/20
   443 | D        | Noticed a hornet
   446 | D        | Slain by a centaur warrior

Illustrated notes

Levels and vault maps discovered:
D:        dungeon_sprint_1 [red_sonja_temple_1, red_sonja_temple_small_1]

Skill      XL: |  1  2  3  4  5  6  7 |
---------------+----------------------+-----
Dodging        | 2 3 4 5 |  5.4
Stealth        | 2 3 4 |  4.6
Fire Magic     | 4 6 8 9 10 11 | 11.3
Unarmed Combat | 1 2 |  2.9
Spellcasting   | 4 5 6 7 8 |  8.6
Armour         | 1 2 |  2.8
Conjurations   | 2 3 |  3.7
Fighting       | 1 |  1.7
Polearms       | 1 |  1.7

Action                     |  1- 3 |  4- 6 |  7- 9 || total
---------------------------+-------+-------+-------++-------
  Melee: Unarmed           |     7 |       |       ||     7
         Halberd           |       |       |     5 ||     5
   Cast: Foxfire           |     3 |     5 |     1 ||     9
         Scorch            |     1 |     8 |       ||     9
         Flame Wave        |       |     1 |       ||     1
    Use: Potion            |     1 |     1 |     3 ||     5
         Scroll            |     1 |       |       ||     1
 Armour: Robe              |     3 |     2 |    18 ||    23
         Leather armour    |       |     1 |       ||     1
  Dodge: Dodged            |       |     2 |     5 ||     7

Table legend: (Time is in decaauts)
 A = Elapsed time spent in this place.
 B = Non-inter-level travel time spent in this place.
 C = Inter-level travel time spent in this place.
 D = Time resting spent in this place.
 E = Time spent auto-exploring this place.
 F = Levels seen in this place.
 G = Mean time per level.
                   A        B        C        D        E       F      G
               +--------+--------+--------+--------+--------+-----+--------+
         Total |    455 |    455 |      0 |    249 |      0 |   1 |  455.0 |
       Dungeon |    455 |    455 |      0 |    249 |      0 |   1 |  455.0 |
               +--------+--------+--------+--------+--------+-----+--------+

Top non-repeatable levels by time:
       D: 455 daAuts
